 Dungeon Crawl Stone Soup version 0.29-a0-221-gceb61267dd (webtiles) character file.

Game seed: 12142530080217464843

629420 frimble the Gnoll Aeon (level 27, -18/217 HPs)
             Began as a Gnoll Ice Elementalist on Feb 26, 2022.
             Was the Champion of Cheibriados.
             Killed from afar by a black draconian knight (24 damage)
             ... with a bolt of lightning
             ... on level 1 of the Realm of Zot on Feb 27, 2022.
             The game lasted 01:53:47 (66423 turns).

frimble the Gnoll Aeon (Gnoll Ice Elementalist)    Turns: 66423, Time: 01:53:48

Health: -18/217    AC: 38    Str: 25    XL:     27
Magic:  14/45      EV: 30    Int: 56    God:    Cheibriados [******]
Gold:   2339       SH: 18    Dex: 27    Spells: 21/63 levels left

rFire   + + .      SeeInvis .   o - +4 quick blade (elec)
rCold   . . .      Faith    .   w - +1 kite shield {reflect}
rNeg    + + .      Spirit   .   b - +8 pearl dragon scales of Vehumet's Generosity {rN+ Will+ Int+7}
rPois   .          Reflect  +   a - +1 helmet {Int+3}
rElec   .          Harm     .   d - +1 cloak of Starlight {*Dazzle EV+4 Stlth--}
rCorr   .          Rampage  .   n - +1 pair of gloves
Will    +++..                   Y - +2 pair of boots
Stlth   +++++.....              i - amulet of regeneration
HPRegen 0.00/turn               M - ring of the Jackalope {rF+ rN+ Int+6 Stlth+}
MPRegen 0.29/turn               j - +4 ring of slaying

@: very slightly contaminated, inhibited regen, studying Invocations, very slow
A: fangs 1, strong nose, distributed training, fire resistance 1, inhibited
regeneration, weak 1, no potion heal 1, subdued magic 1
}: 4/15 runes: decaying, silver, abyssal, gossamer
a: Renounce Religion, Bend Time, Temporal Distortion, Slouch, Step From Time


You were on level 1 of the Realm of Zot.
You worshipped Cheibriados.
Cheibriados was exalted by your worship.
You visited 11 branches of the dungeon, and saw 48 of its levels.
You visited the Abyss 1 time.
You also visited: Trove and Ice Cave.

You collected 9073 gold pieces.
You spent 6734 gold pieces at shops.

Inventory:

Hand Weapons
 o - a +4 quick blade of electrocution (weapon)
 E - a +2 vorpal double sword
Missiles
 R - 22 javelins (quivered)
Armour
 a - a +1 helmet of intelligence (worn)
 b - the +8 pearl dragon scales of Vehumet's Generosity (worn) {rN+ Will+ Int+7}
   (You bought it in a shop on level 1 of the Elven Halls)

   Int:       It affects your intelligence (+7).
   rN:        It protects you from negative energy.
   Will:      It increases your willpower.
 d - the +1 cloak of Starlight (worn) {*Dazzle EV+4 Stlth--}
   (You found it on level 3 of the Elven Halls)

   It may blind those who miss an attack against the wearer in melee combat.
   EV:        It affects your evasion (+4).
   Stlth:     It makes you much less stealthy.
 n - a +1 pair of gloves (worn)
 w - a +1 kite shield of reflection (worn)
 Y - a +2 pair of boots (worn)
Jewellery
 i - an amulet of regeneration (around neck)
 j - a +4 ring of slaying (right hand)
 r - a ring of protection from cold
 z - the ring "Qidudeagu" {rCorr Str+4 SInv Stlth+}
   (You found it on level 3 of the Elven Halls)

   [ring of see invisible]

   Str:       It affects your strength (+4).
   SInv:      It lets you see invisible.
   rCorr:     It protects you from acid and corrosion.
   Stlth:     It makes you more stealthy.
 C - a ring of willpower
 M - the ring of the Jackalope (left hand) {rF+ rN+ Int+6 Stlth+}
   (You found it on level 8 of the Dungeon)

   [ring of intelligence]

   Int:       It affects your intelligence (+6).
   rF:        It protects you from fire.
   rN:        It protects you from negative energy.
   Stlth:     It makes you more stealthy.
 O - an amulet of magic regeneration
Wands
 p - a wand of charming (13)
 s - a wand of flame (75)
 B - a wand of paralysis (26)
 D - a wand of digging (21)
 V - a wand of acid (11)
 Z - a wand of iceblast (40)
Scrolls
 k - 5 scrolls of immolation
 x - 11 scrolls of teleportation
 y - 7 scrolls of magic mapping
 A - 6 scrolls of fear
 F - 8 scrolls of blinking
 G - a scroll of brand weapon
 L - 10 scrolls of fog
 P - a scroll of summoning
 S - 3 scrolls of silence
 X - 2 scrolls of amnesia
Potions
 c - 8 potions of lignification
 e - 11 potions of flight
 f - 5 potions of mutation
 g - 12 potions of curing
 h - 14 potions of heal wounds
 l - 6 potions of cancellation
 q - 11 potions of haste
 t - 3 potions of resistance
 u - 9 potions of might
 H - 3 potions of invisibility
 I - 6 potions of attraction
 N - 13 potions of ambrosia
 Q - a potion of magic
 T - 3 potions of berserk rage
 U - 7 potions of brilliance
Miscellaneous
 m - a box of beasts
 v - a phial of floods
 J - a condenser vane (inert)
 K - a tin of tremorstones (2/2)
 W - a lightning rod (4/4)


   Skills:
 + Level 17.9 Fighting
 + Level 17.9 Short Blades
 + Level 17.9 Long Blades
 + Level 17.9 Axes
 + Level 17.9 Maces & Flails
 + Level 17.9 Polearms
 + Level 17.9 Staves
 + Level 17.9 Slings
 + Level 17.9 Bows
 + Level 17.9 Crossbows
 + Level 17.9 Throwing
 + Level 17.9 Armour
 + Level 18.4 Dodging
 + Level 18.3 Stealth
 + Level 17.9 Shields
 + Level 17.9 Unarmed Combat
 + Level 18.5 Spellcasting
 + Level 15.3 Conjurations
 + Level 15.3 Hexes
 + Level 15.3 Summonings
 + Level 15.3 Necromancy
 + Level 15.3 Translocations
 + Level 15.3 Transmutations
 + Level 15.3 Fire Magic
 + Level 16.7 Ice Magic
 + Level 15.3 Air Magic
 + Level 15.3 Earth Magic
 + Level 15.3 Poison Magic
 + Level 21.0 Invocations
 + Level 17.9 Evocations


You had 21 spell levels left.
You knew the following spells:

 Your Spells              Type           Power      Damage    Failure   Level
a - Irradiate             Conj/Tmut      53%        3d31      1%          5
b - Frozen Ramparts       Ice            100%       1d12      0%          3
c - Ozocubu's Armour      Ice            100%       N/A       0%          3
d - Blink                 Tloc           100%       N/A       0%          2
e - Manifold Assault      Tloc           100%       N/A       1%          5
f - Statue Form           Tmut/Erth      71%        N/A       1%          6
g - Borgnjor's Vile Clut  Necr/Erth      53%        N/A       1%          5
h - Apportation           Tloc           100%       N/A       0%          1
i - Ignition              Fire           53%        3d15      7%          8
j - Passage of Golubria   Tloc           100%       N/A       0%          4

Your spell library contained the following spells:

 Spells                   Type           Power      Damage    Failure   Level
 Animate Skeleton         Necr           100%       N/A       0%          1
 Foxfire                  Conj/Fire      100%       2x1d9     0%          1
 Freeze                   Ice            100%       1d11      0%          1
 Magic Dart               Conj           100%       1d8       0%          1
 Pain                     Necr           100%       1d9       0%          1
 Sandblast                Erth           100%       2d20      0%          1
 Shock                    Conj/Air       100%       1d9       0%          1
 Slow                     Hex            100%       N/A       0%          1
 Summon Small Mammal      Summ           100%       N/A       0%          1
 Ensorcelled Hibernation  Hex/Ice        100%       N/A       0%          2
 Passwall                 Tmut/Erth      89%        N/A       0%          2
 Searing Ray              Conj           100%       2d8       0%          2
 Static Discharge         Conj/Air       100%       N/A       0%          2
 Sublimation of Blood     Necr           100%       N/A       0%          2
 Wereblood                Tmut           100%       N/A       0%          2
 Call Canine Familiar     Summ           100%       N/A       0%          3
 Confusing Touch          Hex            100%       N/A       0%          3
 Conjure Flame            Conj/Fire      100%       6-21      0%          3
 Dazzling Flash           Conj/Hex       100%       N/A       0%          3
 Gell's Gravitas          Tloc           100%       N/A       0%          3
 Ignite Poison            Fire/Tmut/Pois 100%       N/A       0%          3
 Inner Flame              Hex/Fire       100%       N/A       0%          3
 Lesser Beckoning         Tloc           100%       N/A       0%          3
 Mephitic Cloud           Conj/Pois/Air  100%       N/A       0%          3
 Spider Form              Tmut/Pois      100%       N/A       0%          3
 Stone Arrow              Conj/Erth      100%       3d13      0%          3
 Swiftness                Air            100%       N/A       0%          3
 Teleport Other           Tloc           100%       N/A       0%          3
 Tukima's Dance           Hex            100%       N/A       0%          3
 Vampiric Draining        Necr           100%       2d13      0%          3
 Airstrike                Air            53%        N/A       0%          4
 Anguish                  Hex/Necr       53%        N/A       0%          4
 Animate Dead             Necr           53%        N/A       0%          4
 Cause Fear               Hex            53%        N/A       0%          4
 Dispel Undead            Necr           100%       3d31      0%          4
 Flame Wave               Conj/Fire      100%       2d17      0%          4
 Hailstorm                Conj/Ice       100%       3d20      0%          4
 Ice Form                 Ice/Tmut       100%       N/A       0%          4
 Iskenderun's Mystic Bla  Conj/Tloc      100%       2d19      0%          4
 Petrify                  Tmut/Erth      100%       N/A       0%          4
 Sticky Flame             Conj/Fire      100%       2d11      0%          4
 Summon Lightning Spire   Summ/Air       100%       N/A       0%          4
 Freezing Cloud           Conj/Ice/Air   54%        6-21      0%          5
 Metabolic Englaciation   Hex/Ice        54%        N/A       0%          5
 Blade Hands              Tmut           53%        N/A       1%          5
 Fireball                 Conj/Fire      53%        3d21      1%          5
 Iskenderun's Battlesphe  Conj           100%       2d15      1%          5
 Yara's Violent Unravell  Hex/Tmut       53%        3d20      1%          5
 Conjure Ball Lightning   Conj/Air       53%        3x3d18    1%          6
 Death Channel            Necr           53%        N/A       1%          6
 Dispersal                Tloc           53%        N/A       1%          6
 Iron Shot                Conj/Erth      53%        9d10      1%          6
 Simulacrum               Ice/Necr       54%        N/A       1%          6
 Starburst                Conj/Fire      53%        6d14      1%          6
 Dragon Form              Tmut           53%        N/A       1%          7
 Enfeeble                 Hex            53%        N/A       1%          7
 Haunt                    Necr/Summ      53%        N/A       1%          7
 Ozocubu's Refrigeration  Ice            55%        4d16      1%          7
 Spellforged Servitor     Conj/Summ      53%        N/A       1%          7
 Storm Form               Tmut/Air       53%        N/A       1%          7
 Summon Hydra             Summ           53%        N/A       1%          7
 Discord                  Hex            53%        N/A       7%          8
 Disjunction              Tloc           53%        N/A       7%          8
 Infestation              Necr           53%        N/A       7%          8
 Maxwell's Capacitive Co  Air            53%        ∞         7%          8
 Polar Vortex             Ice            55%        N/A       56%         9
 Chain Lightning          Conj/Air       53%        3d71      77%         9
 Death's Door             Necr           53%        N/A       77%         9
 Dragon's Call            Summ           53%        N/A       77%         9


Dungeon Overview and Level Annotations

Branches:
Dungeon (15/15)            Temple (1/1) D:5            Lair (6/6) D:9
  Swamp (4/4) Lair:4       Spider (4/4) Lair:4        Slime (0/5) Lair:5
    Orc (2/2) D:9             Elf (3/3) Orc:2        Vaults (5/5) D:13
  Crypt (3/3) Vaults:3       Tomb (0/3) Crypt:3      Depths (4/4) D:15
    Zot (1/5) Depths:4      IceCv (visited)

Altars:
Ashenzari
Cheibriados
Dithmenos
Elyvilon
Fedhas
Gozag
Hepliaklqana
Kikubaaqudgha
Makhleb
Nemelex Xobeh
Okawaru
Qazlal
Ru
Sif Muna
Trog
Uskayaw
Vehumet
Wu Jian
Xom
Yredelemnul
Zin
The Shining One
Beogh
Jiyva

Shops:
D:1 (   D:12 *!   Orc:2 (??:   Elf:1 [   Elf:3 :==   Vaults:1 *   Vaults:2 !
Vaults:4 **   Depths:1 *(*   Depths:2 **   Depths:4 (=*(

Portals:
Hell: Lair:6 Depths:1 Depths:2 Depths:3 Depths:4
Abyss: Depths:3
Pandemonium: Depths:1 Depths:2 Depths:3
Ziggurat: Depths:2

Annotations:
Lair:1 exclusion: 2 oklob plants


Innate Abilities, Weirdness & Mutations

You have very sharp teeth.
Your uncanny sense of smell can sniff out nearby items.
Your experience applies equally to all skills.
Your flesh is heat resistant. (rF+)
You do not regenerate when monsters are visible.
You are weak. (Str -2)
Potions are less effective at restoring your health.
Your spells are a little easier to cast, but a little less powerful.


Message History

The air bursts into flame!
The fireball engulfs the quicksilver dragon!
The quicksilver dragon is moderately wounded.
The fireball engulfs the storm dragon!
The storm dragon is heavily wounded.
The fireball engulfs something! x2; The fireball engulfs the storm dragon!!
The storm dragon is almost dead.
The fireball engulfs the quicksilver dragon!
The quicksilver dragon is heavily wounded.
The fireball engulfs something!
The fireball engulfs the storm dragon!!
You kill the storm dragon!
Cheibriados thoroughly appreciates the change of pace.
The fireball engulfs the quicksilver dragon!!
The quicksilver dragon is almost dead.
You revert to your normal fleshy form.
Your +1 pair of gloves unmelds from your body.
Your +2 pair of boots unmelds from your body.
The +8 pearl dragon scales of Vehumet's Generosity {rN+ Will+ Int+7} unmelds from your body.
You hear a roar! x3; You hear a deafening roar!
You hear a roar!
Something completely misses you.
The quicksilver dragon is struck by lightning.
You kill the quicksilver dragon!
Cheibriados thoroughly appreciates the change of pace.
The quicksilver dragon scales are intact enough to wear.
Something hits you!
* * * LOW HITPOINT WARNING * * *
x2 Your Invocations skill increases to level 21!
You barely miss something. Your bite misses something. Something hits you!
* * * LOW HITPOINT WARNING * * *
x2 Your system partially rejects the healing.
You feel much better. Something closely misses you.
Your system partially rejects the healing.
You feel much better.
You hear some strange, mumbled words.
A bolt of cold appears from out of thin air!
The bolt of cold hits you!!!
* * * LOW HITPOINT WARNING * * *
A bolt of lightning appears from out of thin air!
The bolt of lightning misses you. The bolt of lightning hits you!!
You die...

#.........#.#.#.
###.........#.#.#.
#.)..[......#.#.#.
###§##........#.#.#.
.§§§...............
#######)###..#..........
......§§§...............
######{####..#.........
#@# ##.########.. #§#
##..#######.#
#§§................
######+##..######.#
#..######.. #..........
#.......... #......†...
#....####.#


There were no monsters in sight!

Vanquished Creatures
  An orb of fire (Zot:1)
  A dread lich (Crypt:3)
  Mara (Vaults:4)
  Sojobo (Crypt:1)
  Bai Suzhen (Elf:3)
  Margery (Depths:3)
  Boris (thrice) (Vaults:5 Crypt:1 Crypt:2)
  A shard shrike (IceCv)
  A curse toe (Zot:1)
  4 caustic shrikes
  The ghost of theMacoje the Slayer, an adept OgEn of Okawaru (Vaults:4)
  7 golden dragons
  A bone dragon (Abyss:5)
  A spectral shard shrike (Crypt:3)
  Jorgrun (Swamp:3)
  4 liches
  8 tentacled monstrosities
  2 walking crystal tomes
  5 deep elf blademasters
  A titan (Vaults:5)
  3 quicksilver dragons
  Asterion (Depths:2)
  A sphinx (Vaults:5)
  Frances (Spider:2)
  2 walking divine tomes (Depths:3)
  2 deep elf master archers (Elf:3)
  An ancient champion (Crypt:2)
  A tentacled starspawn (Abyss:5)
  Agnes (Spider:1)
  Gastronok (Lair:1)
  A death cob (Zot:1)
  7 storm dragons
  Roxanne (Elf:2)
  A draconian monk (Zot:1)
  7 shadow dragons
  Donald (Swamp:3)
  4 thorn hunters
  9 tengu reavers
  13 fire giants
  7 revenants
  2 fenstrider witches
  A draconian knight (Depths:4)
  9 frost giants
  13 deep elf sorcerers
  16 vault wardens
  A cacodemon (Depths:2)
  2 draconian scorchers
  An iron dragon (Vaults:5)
  The ghost of Ineisoh the Eclecticist, a journeyman DjFE of Gozag (D:14)
  2 orc warlords
  2 emperor scorpions
  A curse skull (Crypt:3)
  Louise (Swamp:3)
  4 ghost moths
  A draconian shifter (Abyss:5)
  A ghost moth (shapeshifter) (Depths:1)
  2 balrugs
  Aizul (Elf:2)
  The ghost of Feimod the Imperceptible, an adept SpEn of Vehumet (Swamp:1)
  The ghost of Qunad the Imperceptible, an adept SpEn of Vehumet (Swamp:3)
  15 ghouls
  A juggernaut zombie (Crypt:2)
  2 spriggan defenders
  A hydra skeleton (Swamp:4)
  9 deep elf elementalists
  A reaper (Crypt:3)
  22 ironbound preservers
  2 war gargoyles
  8 broodmothers
  15 stone giants
  14 very ugly things
  5 green draconians
  8 deep elf annihilators
  8 vampire knights
  6 ironbound thunderhulks
  8 deep elf demonologists
  A red draconian (Depths:4)
  4 entropy weavers
  3 black draconians
  3 eleionomae
  A yellow draconian (Depths:4)
  23 dire elephants
  An entropy weaver (shapeshifter) (D:15)
  3 spectral titans
  2 bunyips (Swamp:1)
  2 purple draconians
  3 white draconians
  11 eidola
  4 spark wasps
  2 crystal guardians (Vaults:1)
  A merfolk impaler (Depths:4)
  9 deep elf death magi
  8 ettins
  5 fire dragons
  A merfolk javelineer (Depths:4)
  7 shambling mangroves
  6 jiangshi
  A spectral golden dragon (D:14)
  A spectral iron giant (Crypt:3)
  8 deep elf high priests
  13 yaktaur captains
  A spectral quicksilver dragon (Crypt:3)
  14 boulder beetles
  8 rakshasas
  10 great orbs of eyes
  2 spriggan skeletons
  2 ghost crabs
  A hydra (shapeshifter) (Depths:2)
  5 ice dragons
  21 hydras
  A catoblepas (D:13)
  44 vault guards
  2 peacekeepers
  4 spriggan air magi
  11 ironbound frosthearts
  2 jorogumos (Spider:4)
  11 alligators
  A quicksilver dragon skeleton (Crypt:1)
  2 caustic shrike simulacra
  17 centaur warriors
  2 death knights
  9 ogre magi
  A spectral fire giant (D:14)
  10 two-headed ogres
  6 deep troll shamans
  30 dancing weapons
  5 vampire magi
  7 tengu warriors
  A death scarab (Spider:3)
  4 deep troll earth magi
  4 spriggan berserkers
  8 thrashing horrors
  A spectral storm dragon (Crypt:3)
  9 spriggans
  2 sun demons
  4 hell knights (Depths:3)
  A spectral dire elephant (Crypt:3)
  A soul eater (Vaults:3)
  A storm dragon zombie (D:14)
  Nergalle (Orc:2)
  3 sixfirhies
  A titan skeleton (Crypt:2)
  15 deep elf knights
  5 iron trolls
  19 skeletal warriors
  3 sun moths
  A fire crab (Lair:6)
  A salamander mystic (Depths:4)
  Amaemon (D:8)
  4 shadow wraiths (Crypt:3)
  5 wretched stars
  6 pharaoh ants
  A storm dragon skeleton (Vaults:5)
  3 glowing orange brains
  A spectral anaconda (Crypt:3)
  2 bunyip zombies
  9 flayed ghosts
  A glowing orange brain (shapeshifter) (Vaults:1)
  A spatial maelstrom (Abyss:5)
  7 bog bodies
  47 deep trolls
  16 lindwurms
  5 spriggan druids
  11 orb spiders
  2 goliath frogs
  9 steelbarb worms
  22 ironbound convokers
  34 deep elf pyromancers
  An anaconda zombie (Crypt:1)
  A fenstrider witch simulacrum (Crypt:3)
  5 swamp dragons
  Pikel (D:7)
  An obsidian statue (Vaults:4)
  2 spectral hydras (Swamp:4)
  3 spriggan simulacra
  14 deep elf archers
  9 harpies
  An orange crystal statue (IceCv)
  7 necromancers
  9 wizards
  8 orc knights
  25 deep elf zephyrmancers
  22 wolf spiders
  2 stone giant zombies
  8 orc sorcerers
  16 phantasmal warriors
  A shining eye (shapeshifter) (Vaults:5)
  3 oklob plants (Swamp:4)
  A faun (shapeshifter) (Vaults:5)
  53 ugly things
  6 will-o-the-wisps
  3 manticores
  5 worldbinders (Abyss:5)
  12 cyclopes
  A human skeleton (Vaults:5)
  4 moths of wrath
  2 salamanders (Depths:4)
  A spectral alligator snapping turtle (Crypt:3)
  2 dire elephant zombies
  16 vault sentinels
  5 black mambas
  A naga zombie (Crypt:2)
  27 elephants
  A rust devil (Depths:2)
  2 titan simulacra
  A water nymph (Abyss:5)
  An elephant slug zombie (Crypt:3)
  Joseph (Lair:1)
  6 torpor snails
  6 smoke demons
  4 orange demons
  A centaur skeleton (Crypt:2)
  A shock serpent skeleton (Crypt:2)
  12 cane toads
  4 gargoyles
  A dire elephant skeleton (Crypt:2)
  A cane toad (shapeshifter) (Elf:1)
  2 ice devils (Lair:6)
  A demonic crawler (Spider:4)
  2 bunyip simulacra (Crypt:3)
  2 kobold demonologists (D:8)
  A tormentor (Abyss:5)
  18 rime drakes
  2 hydra zombies (Swamp:4)
  13 yaktaurs
  A spark wasp simulacrum (D:14)
  4 tengu conjurers
  A white draconian zombie (Crypt:1)
  4 efreet
  An ancient zyme (Abyss:5)
  21 freezing wraiths
  13 komodo dragons
  A spectral naga (Crypt:3)
  A harpy zombie (Crypt:1)
  A white draconian skeleton (Crypt:1)
  An anaconda simulacrum (Crypt:3)
  2 hellwings
  2 guardian mummies (Crypt:1)
  A merfolk (shapeshifter) (D:15)
  2 spectral glowing shapeshifters (D:14)
  22 polar bears
  A polar bear (shapeshifter) (Abyss:5)
  A red draconian skeleton (Crypt:2)
  2 spectral harpies (Crypt:3)
  10 trolls
  16 hornets
  2 queen bees (shapeshifter)
  A queen bee (Lair:3)
  11 tyrant leeches
  4 death drake zombies
  49 slime creatures
  6 raiju
  7 meliai
  29 tarantellas
  21 blink frogs
  2 ettin zombies
  A snapping turtle (shapeshifter) (Vaults:1)
  6 dream sheep (Lair:5)
  5 flying skulls (Abyss:5)
  16 culicivoras
  A centaur simulacrum (Crypt:3)
  26 jumping spiders
  3 jumping spiders (shapeshifter)
  9 water elementals
  A wind drake zombie (Crypt:3)
  53 yaks
  A ynoxinul (Depths:3)
  An air elemental (Elf:3)
  A vampire (D:11)
  A spectral black mamba (Crypt:3)
  11 wraiths
  6 shadows
  9 wyverns
  An ettin skeleton (Crypt:2)
  Grum (Lair:1)
  2 neqoxecs
  2 redbacks (shapeshifter) (Vaults:5)
  Eustachio (D:4)
  A golden eye (shapeshifter) (Elf:2)
  10 basilisks
  3 fire elementals
  35 redbacks
  Menkaure (D:7)
  3 steam dragons
  A yaktaur simulacrum (Vaults:5)
  3 chaos spawn
  28 vampire mosquitoes
  5 large abominations
  13 swamp worms
  4 wargs
  A harpy simulacrum (Crypt:1)
  A water nymph zombie (Crypt:1)
  4 hydra simulacra (Swamp:4)
  Edmund (D:4)
  A naga (shapeshifter) (Vaults:5)
  4 hell hounds (Lair:6)
  An acid dragon (shapeshifter) (Vaults:5)
  A floating eye (shapeshifter) (Depths:1)
  2 acid dragons
  15 water moccasins
  2 black bears (D:4)
  A cane toad skeleton (Crypt:2)
  2 sky beasts
  2 swamp dragon zombies
  4 swamp drakes
  28 orc warriors
  2 ice beasts
  A merfolk simulacrum (Crypt:2)
  12 ogres
  A lindwurm skeleton (Crypt:1)
  7 necrophages
  19 wolves
  2 snapping turtle skeletons (Crypt:1)
  11 centaurs
  A lemure (D:7)
  2 phantoms
  A swamp dragon skeleton (Swamp:4)
  4 kobold brigands
  15 bullfrogs
  3 scorpions
  4 earth elementals
  A gnoll sergeant (D:12)
  A scorpion (shapeshifter) (D:13)
  3 small abominations
  32 killer bees
  A spriggan zombie (Crypt:3)
  A yak zombie (Crypt:1)
  6 wights (D:7)
  2 howler monkeys (D:13)
  2 electric eels (Elf:3)
  A bullfrog zombie (Crypt:3)
  17 starcursed masses (Abyss:5)
  A wolf skeleton (Crypt:3)
  5 jellies
  9 orc priests
  5 hounds
  A human zombie (Crypt:1)
  Crazy Yiuf (D:2)
  Jessica (D:2)
  7 hell rats (Lair:2)
  3 iguanas
  33 orc wizards
  A sky beast zombie (Crypt:2)
  A mummy (D:10)
  12 gnolls
  A swamp drake zombie (Crypt:1)
  5 adders
  2 shadow imps
  A white imp (D:5)
  2 ufetubi
  2 worms (D:4)
  5 dart slugs
  81 orcs
  11 ball pythons
  3 bats
  A bat zombie (Crypt:1)
  12 endoplasms
  4 giant cockroaches
  11 goblins
  9 hobgoblins
  6 jackals
  24 kobolds
  5 quokkas
  6 frilled lizards
  An orc skeleton (Crypt:1)
  5 rats
  6 briar patches (Swamp:3)
  A butterfly (Lair:3)
  A foxfire (Swamp:4)
  2 starspawn tentacles (Abyss:5)
2298 creatures vanquished.

Vanquished Creatures (collateral kills)
  A deep elf sorcerer (Vaults:5)
  A worldbinder (Abyss:5)
  A flying skull (Abyss:5)
  A water elemental (Abyss:5)
4 creatures vanquished.

Vanquished Creatures (others)
  A dread lich (Vaults:5)
  Nikola (Swamp:2)
  A draconian knight (Zot:1)
  A vault guard (Vaults:5)
  A thrashing horror (Abyss:3)
  A goliath frog (Swamp:2)
  A wizard (Depths:1)
  A deep elf archer (Elf:1)
  A yaktaur (Vaults:4)
  2 bloated husks
  A jumping spider (Spider:3)
  An orc wizard (D:10)
  2 small abominations (Abyss:5)
  41 foxfires
  29 fungi
  87 plants
  6 starspawn tentacles (Abyss:5)
178 creatures vanquished.

Grand Total: 2480 creatures vanquished

Notes
Turn   | Place    | Note
-------+----------+-------------------------------------------
     0 | D:1      | frimble the Gnoll Ice Elementalist began the quest for the
                  | Orb.
     0 | D:1      | Reached XP level 1. HP: 13/13 MP: 6/6
   339 | D:1      | Reached XP level 2. HP: 18/19 MP: 3/7
   640 | D:1      | Reached XP level 3. HP: 22/25 MP: 7/9
   651 | D:1      | Learned a level 3 spell: Frozen Ramparts
   655 | D:1      | Learned a level 3 spell: Ozocubu's Armour
   658 | D:1      | Found a faded altar of an unknown god.
   663 | D:1      | Reached skill level 5 in Spellcasting
   743 | D:1      | Found Dashresu's Antique Weapon Shoppe.
   863 | D:1      | Reached skill level 1 in Invocations
  1184 | D:2      | Noticed a scorpion
  1191 | D:2      | Reached skill level 1 in Fighting
  1191 | D:2      | Reached skill level 1 in Short Blades
  1191 | D:2      | Reached skill level 1 in Long Blades
  1191 | D:2      | Reached skill level 1 in Axes
  1191 | D:2      | Reached skill level 1 in Maces & Flails
  1191 | D:2      | Reached skill level 1 in Polearms
  1191 | D:2      | Reached skill level 1 in Staves
  1191 | D:2      | Reached skill level 1 in Slings
  1191 | D:2      | Reached skill level 1 in Bows
  1191 | D:2      | Reached skill level 1 in Crossbows
  1191 | D:2      | Reached skill level 1 in Throwing
  1191 | D:2      | Reached skill level 1 in Armour
  1191 | D:2      | Reached skill level 1 in Shields
  1191 | D:2      | Reached skill level 1 in Unarmed Combat
  1191 | D:2      | Reached skill level 1 in Evocations
  1191 | D:2      | Reached XP level 4. HP: 32/32 MP: 3/11
  1195 | D:2      | Killed a scorpion
  1196 | D:2      | Reached skill level 1 in Conjurations
  1196 | D:2      | Reached skill level 1 in Hexes
  1196 | D:2      | Reached skill level 1 in Summonings
  1196 | D:2      | Reached skill level 1 in Necromancy
  1196 | D:2      | Reached skill level 1 in Translocations
  1196 | D:2      | Reached skill level 1 in Transmutations
  1196 | D:2      | Reached skill level 1 in Fire Magic
  1196 | D:2      | Reached skill level 1 in Air Magic
  1196 | D:2      | Reached skill level 1 in Earth Magic
  1196 | D:2      | Reached skill level 1 in Poison Magic
  1196 | D:2      | Reached XP level 5. HP: 33/37 MP: 1/12
  1411 | D:2      | Noticed Jessica
  1418 | D:2      | Killed Jessica
  1864 | D:2      | Found a runed translucent door.
  1865 | D:2      | Noticed Crazy Yiuf
  2131 | D:2      | Learned a level 2 spell: Blink
  2243 | D:2      | Killed Crazy Yiuf
  2593 | D:3      | Reached XP level 6. HP: 43/44 MP: 10/13
  2680 | D:3      | Reached skill level 2 in Invocations
  3036 | D:3      | Found a glowing silver altar of Zin.
  3036 | D:3      | Noticed an angel
  3267 | D:4      | Noticed a black bear
  3273 | D:4      | Reached skill level 5 in Dodging
  3275 | D:4      | Killed a black bear
  3286 | D:4      | Reached XP level 7. HP: 47/51 MP: 4/15
  3386 | D:4      | Noticed Edmund
  3516 | D:1      | Bought a shimmering rapier for 153 gold pieces
  3516 | D:1      | Identified the +0 rapier of Dung {drain, Str+5} (You bought
                  | it in a shop on level 1 of the Dungeon)
  3717 | D:4      | Noticed Eustachio
  3729 | D:4      | Killed Eustachio
  3730 | D:4      | Reached skill level 5 in Stealth
  3730 | D:4      | Reached skill level 3 in Invocations
  3815 | D:4      | Reached XP level 8. HP: 57/57 MP: 9/16
  4168 | D:4      | Killed Edmund
  4624 | D:5      | Entered Level 5 of the Dungeon
  5443 | D:5      | Found a staircase to the Ecumenical Temple.
  5706 | D:6      | Reached skill level 4 in Invocations
  5853 | D:4      | Identified the +8 dagger of Efasuil {vamp, *Rage rElec rC+}
  6035 | D:6      | Reached XP level 9. HP: 55/65 MP: 18/18
  6045 | D:6      | Identified the +6 trident of the Disturbing Demons {flame,
                  | rElec}
  6745 | D:7      | Noticed Menkaure
  6749 | D:7      | Killed Menkaure
  7722 | D:7      | Noticed Pikel
  7734 | D:7      | Killed Pikel
  7735 | D:7      | Reached skill level 5 in Invocations
  7965 | D:7      | Reached XP level 10. HP: 64/73 MP: 17/20
  8102 | Temple   | Entered the Ecumenical Temple
  8475 | D:8      | Noticed Amaemon
  8491 | D:8      | Noticed an orange demon
  8497 | D:8      | Killed Amaemon
  8498 | D:8      | Reached skill level 5 in Fighting
  8498 | D:8      | Reached skill level 5 in Short Blades
  8498 | D:8      | Reached skill level 5 in Long Blades
  8498 | D:8      | Reached skill level 5 in Axes
  8498 | D:8      | Reached skill level 5 in Maces & Flails
  8498 | D:8      | Reached skill level 5 in Polearms
  8498 | D:8      | Reached skill level 5 in Staves
  8498 | D:8      | Reached skill level 5 in Slings
  8498 | D:8      | Reached skill level 5 in Bows
  8498 | D:8      | Reached skill level 5 in Crossbows
  8498 | D:8      | Reached skill level 5 in Throwing
  8498 | D:8      | Reached skill level 5 in Armour
  8498 | D:8      | Reached skill level 5 in Shields
  8498 | D:8      | Reached skill level 5 in Unarmed Combat
  8498 | D:8      | Reached skill level 5 in Evocations
  8501 | D:8      | Killed an orange demon
  8677 | D:8      | Learned a level 5 spell: Irradiate
  9305 | D:8      | Noticed a gargoyle
  9305 | D:8      | Noticed a four-headed hydra
  9313 | D:8      | Killed a four-headed hydra
  9314 | D:8      | Reached skill level 6 in Invocations
  9315 | D:8      | Killed a gargoyle
  9491 | D:8      | Identified the ring of the Jackalope {rF+ rN+ Int+6 Stlth+}
  9516 | D:8      | Noticed a kobold demonologist
  9517 | D:8      | Noticed a white ugly thing
  9533 | D:8      | Killed a kobold demonologist
  9537 | D:8      | Killed a white ugly thing
  9749 | D:8      | Noticed a kobold demonologist
  9749 | D:8      | Noticed a boulder beetle
  9751 | D:8      | Noticed a centaur warrior
  9761 | D:8      | Killed a centaur warrior
  9762 | D:8      | Reached XP level 11. HP: 72/81 MP: 19/22
  9770 | D:8      | Killed a boulder beetle
  9771 | D:8      | Reached skill level 5 in Conjurations
  9771 | D:8      | Reached skill level 5 in Hexes
  9771 | D:8      | Reached skill level 5 in Summonings
  9771 | D:8      | Reached skill level 5 in Necromancy
  9771 | D:8      | Reached skill level 5 in Translocations
  9771 | D:8      | Reached skill level 5 in Transmutations
  9771 | D:8      | Reached skill level 5 in Fire Magic
  9771 | D:8      | Reached skill level 5 in Air Magic
  9771 | D:8      | Reached skill level 5 in Earth Magic
  9771 | D:8      | Reached skill level 5 in Poison Magic
  9952 | D:8      | Identified a scroll of acquirement
  9952 | D:8      | Acquired 1003 gold pieces
 10013 | D:9      | Found a staircase to the Orcish Mines.
 10224 | D:9      | Noticed a deep elf pyromancer
 10238 | D:9      | Killed a deep elf pyromancer
 10688 | D:9      | Noticed a two-headed ogre
 10697 | D:9      | Killed a two-headed ogre
 10698 | D:9      | Reached skill level 7 in Invocations
 10997 | D:9      | Identified the +8 trident of Uskayaw's Inspiration {vorpal,
                  | rPois MP+9}
 11432 | D:9      | Found a staircase to the Lair.
 11569 | D:10     | Entered Level 10 of the Dungeon
 11858 | D:10     | Reached XP level 12. HP: 52/89 MP: 24/24
 11938 | D:10     | Noticed a two-headed ogre
 11942 | D:10     | Killed a two-headed ogre
 12026 | D:10     | Found a viscous altar of Jiyva.
 12034 | D:10     | Found a shimmering blue altar of Sif Muna.
 12079 | D:10     | Found a broken altar of Ashenzari.
 12160 | D:10     | Found a snail-covered altar of Cheibriados.
 12565 | D:10     | Became a worshipper of Cheibriados the Contemplative
 12720 | Lair:1   | Entered Level 1 of the Lair of Beasts
 12914 | Lair:1   | Noticed Grum
 12927 | Lair:1   | Killed Grum
 13313 | Lair:1   | Noticed Joseph
 13325 | Lair:1   | Killed Joseph
 13347 | Lair:1   | Reached * piety under Cheibriados
 13353 | Lair:1   | Reached skill level 8 in Invocations
 13507 | Lair:1   | Noticed a six-headed hydra
 13773 | Lair:1   | Noticed Gastronok
 13792 | Lair:1   | Killed Gastronok
 13845 | Lair:1   | Killed a six-headed hydra
 14622 | Lair:2   | Reached ** piety under Cheibriados
 15291 | Lair:3   | Reached XP level 13. HP: 98/98 MP: 26/26
 15408 | Lair:3   | Reached *** piety under Cheibriados
 15629 | Lair:3   | Reached **** piety under Cheibriados
 15630 | Lair:3   | Reached skill level 9 in Invocations
 15832 | Lair:3   | Reached skill level 10 in Ice Magic
 16442 | Lair:4   | Reached ***** piety under Cheibriados
 16474 | Lair:4   | Found an ornate altar of the Wu Jian Council.
 16612 | Lair:4   | Reached skill level 10 in Spellcasting
 16995 | Lair:4   | Found a hole to the Spider Nest.
 17064 | Lair:4   | Reached skill level 10 in Dodging
 17551 | Lair:5   | Reached XP level 14. HP: 96/106 MP: 28/28
 17758 | Lair:5   | Reached ****** piety under Cheibriados
 17780 | Lair:5   | Found a staircase to the Slime Pits.
 17809 | Lair:5   | Reached skill level 10 in Stealth
 18231 | Lair:6   | Entered Level 6 of the Lair of Beasts
 18348 | Lair:6   | Reached skill level 10 in Invocations
 18369 | Lair:6   | Noticed a dire elephant
 18483 | Lair:6   | Killed a dire elephant
 18655 | Lair:6   | Found a burning altar of Makhleb.
 18708 | Lair:6   | Reached XP level 15. HP: 86/115 MP: 14/29
 18843 | Lair:6   | Found a gateway to Hell.
 20269 | D:12     | Found Yddeib's Mayhem Merchandise.
 20385 | D:12     | Reached skill level 10 in Fighting
 20385 | D:12     | Reached skill level 10 in Short Blades
 20385 | D:12     | Reached skill level 10 in Long Blades
 20385 | D:12     | Reached skill level 10 in Axes
 20385 | D:12     | Reached skill level 10 in Maces & Flails
 20385 | D:12     | Reached skill level 10 in Polearms
 20385 | D:12     | Reached skill level 10 in Staves
 20385 | D:12     | Reached skill level 10 in Slings
 20385 | D:12     | Reached skill level 10 in Bows
 20385 | D:12     | Reached skill level 10 in Crossbows
 20385 | D:12     | Reached skill level 10 in Throwing
 20385 | D:12     | Reached skill level 10 in Armour
 20385 | D:12     | Reached skill level 10 in Shields
 20385 | D:12     | Reached skill level 10 in Unarmed Combat
 20385 | D:12     | Reached skill level 10 in Evocations
 20755 | D:12     | Found a sparkling altar of Nemelex Xobeh.
 20896 | D:12     | Reached skill level 11 in Invocations
 21031 | D:12     | Found Orimuan's Distillery.
 21175 | D:12     | Got Sif Muna's Compendium of Ice and Weightlessness
 21266 | D:13     | Noticed a frost giant
 21284 | D:13     | Killed a frost giant
 22360 | D:13     | Found a gate to the Vaults.
 22377 | D:13     | Reached XP level 16. HP: 87/123 MP: 23/31
 22810 | D:14     | Found a runed translucent gate.
 22810 | D:14     | Found a runed translucent gate.
 22901 | D:14     | Found a runed translucent gate.
 22903 | D:14     | Noticed Ineisoh's ghost (journeyman DjFE)
 23496 | D:14     | Killed Ineisoh's ghost
 23595 | D:15     | Entered Level 15 of the Dungeon
 23925 | D:15     | Found a portal to a secret trove of treasure.
 24358 | D:15     | Reached skill level 12 in Invocations
 24687 | D:15     | Found a staircase to the Depths.
 25102 | Orc:1    | Entered Level 1 of the Orcish Mines
 25591 | Orc:2    | Entered Level 2 of the Orcish Mines
 25702 | Orc:2    | Found a burning altar of Makhleb.
 26125 | Orc:2    | Found a staircase to the Elven Halls.
 26258 | Orc:2    | Found Ruakhimy's Magic Scroll Boutique.
 26281 | Orc:2    | Bought a scroll of enchant armour for 90 gold pieces
 26281 | Orc:2    | Bought a scroll of enchant armour for 90 gold pieces
 26294 | Orc:2    | Found a radiant altar of Vehumet.
 26368 | Orc:2    | Found Epuxaete's Magic Scroll Boutique.
 26379 | Orc:2    | Noticed Nergalle
 26386 | Orc:2    | Bought a scroll of teleportation for 42 gold pieces
 26400 | Orc:2    | Found Xewuxeoq's Antique Weapon Shop.
 26430 | Orc:2    | Found an ancient bone altar of Kikubaaqudgha.
 26450 | Orc:2    | Killed Nergalle
 26511 | Orc:2    | Learned a level 5 spell: Manifold Assault
 26515 | Orc:2    | Reached XP level 17. HP: 131/131 MP: 17/33
 26607 | Orc:2    | Found Kyanarosos's Book Shop.
 26784 | Elf:1    | Entered Level 1 of the Elven Halls
 27186 | Elf:1    | Found Teodosio's Dragon-Slaying Spoils.
 27216 | Elf:1    | Bought +0 shadow dragon scales for 960 gold pieces
 27216 | Elf:1    | Bought the +8 pearl dragon scales of Vehumet's Generosity
                  | {rN+ Will+ Int+7} for 1701 gold pieces
 27408 | Elf:1    | You fall into a shaft and drop 1 floor!
 27434 | Elf:2    | Noticed a deep elf blademaster
 27442 | Elf:2    | Killed a deep elf blademaster
 27584 | Elf:2    | Noticed Aizul
 27646 | Elf:2    | Killed Aizul
 27673 | Elf:2    | Reached skill level 10 in Conjurations
 27673 | Elf:2    | Reached skill level 10 in Hexes
 27673 | Elf:2    | Reached skill level 10 in Summonings
 27673 | Elf:2    | Reached skill level 10 in Necromancy
 27673 | Elf:2    | Reached skill level 10 in Translocations
 27673 | Elf:2    | Reached skill level 10 in Transmutations
 27673 | Elf:2    | Reached skill level 10 in Fire Magic
 27673 | Elf:2    | Reached skill level 10 in Air Magic
 27673 | Elf:2    | Reached skill level 10 in Earth Magic
 27673 | Elf:2    | Reached skill level 10 in Poison Magic
 27838 | Elf:2    | Found a runed translucent gate.
 27838 | Elf:2    | Found a runed translucent gate.
 27839 | Elf:2    | Found a runed translucent gate.
 28216 | Elf:2    | Reached skill level 13 in Invocations
 28292 | Elf:2    | Noticed Roxanne
 28315 | Elf:2    | Killed Roxanne
 28325 | Elf:2    | Learned a level 6 spell: Statue Form
 28562 | Elf:2    | Reached XP level 18. HP: 31/140 MP: 25/35
 28982 | Elf:1    | Found a shimmering blue altar of Sif Muna.
 29634 | Elf:1    | Got Sif Muna's Almanac of the Twelve Blessings
 29680 | Elf:1    | Learned a level 5 spell: Borgnjor's Vile Clutch
 29784 | Elf:3    | Entered Level 3 of the Elven Halls
 29979 | Elf:3    | Found Vuc Voy's Book Shop.
 29979 | Elf:3    | Found Periypim's Jewellery Emporium.
 29980 | Elf:3    | Found Pazxiynast's Jewellery Emporium.
 29990 | Elf:3    | Bought Great Wizards, Vol. VII for 360 gold pieces
 29990 | Elf:3    | Bought a book of Cantrips for 144 gold pieces
 30245 | Elf:3    | Noticed Bai Suzhen
 30256 | Elf:3    | Gained mutation: Your magical capacity is low. (-10% MP) [a
                  | cacodemon]
 30257 | Elf:3    | Killed Bai Suzhen
 30259 | Elf:3    | Noticed a deep elf blademaster
 30263 | Elf:3    | Noticed a deep elf blademaster
 30265 | Elf:3    | Killed a deep elf blademaster
 30267 | Elf:3    | Noticed a deep elf master archer
 30268 | Elf:3    | Noticed an Ice Fiend
 30270 | Elf:3    | Killed a deep elf master archer
 30272 | Elf:3    | Killed a deep elf blademaster
 30416 | Elf:3    | Identified the +6 lajatang of Igrixer {vamp, rPois}
 30529 | Elf:3    | Noticed a deep elf master archer
 30542 | Elf:3    | Killed a deep elf master archer
 30966 | Elf:3    | Found the +1 cloak of Starlight {*Dazzle EV+4 Stlth--}
 30989 | Elf:3    | Identified the +0 chain mail of Other {Fly Regen+}
 30998 | Elf:3    | Identified the ring "Qidudeagu" {rCorr Str+4 SInv Stlth+}
 31951 | D:12     | Bought a potion of heal wounds for 55 gold pieces
 31951 | D:12     | Bought a potion of curing for 33 gold pieces
 32627 | Spider:1 | Entered Level 1 of the Spider Nest
 32963 | Spider:1 | Reached XP level 19. HP: 148/148 MP: 27/33
 33057 | Spider:1 | Identified the +9 hand crossbow "Kaqiq" {freeze, Will+
                  | Str+4 Int-2 SInv}
 33302 | Spider:1 | Noticed Agnes
 33322 | Spider:1 | Killed Agnes
 33923 | Spider:2 | Noticed Frances
 33940 | Spider:2 | Killed Frances
 33946 | Spider:2 | Reached skill level 14 in Invocations
 34887 | D:15     | You paid a toll of +3 shadow dragon scales to enter a
                  | treasure trove
 34888 | Trove    | Entered a treasure trove
 36976 | Spider:4 | Entered Level 4 of the Spider Nest
 37059 | Spider:4 | HP: 7/145 [pharaoh ant (17)]
 38263 | Spider:4 | Paralysed by a jorogumo for 2 turns
 38268 | Spider:4 | Reached XP level 20. HP: 146/157 MP: 34/34
 38351 | Spider:4 | Got a gossamer rune of Zot
 38924 | Lair:4   | Found a staircase to the Swamp.
 38937 | Swamp:1  | Entered Level 1 of the Swamp
 38945 | Swamp:1  | Identified the +2 ring mail of Midnight {rPois}
 39094 | Swamp:1  | Found a runed translucent door.
 39832 | Swamp:1  | Noticed Feimod's ghost (adept SpEn)
 39930 | Swamp:2  | Learned a level 1 spell: Apportation
 39952 | Swamp:2  | Found a frozen archway.
 39964 | IceCv    | Entered an ice cave
 40739 | IceCv    | Noticed a shard shrike
 40753 | IceCv    | Killed a shard shrike
 40863 | IceCv    | Identified the +10 dagger "Vozuhywi" {vorpal, rElec rF-
                  | rN+}
 40901 | Swamp:2  | Noticed Nikola
 40926 | Swamp:2  | Killed Nikola
 40927 | Swamp:2  | Reached skill level 15 in Invocations
 41659 | Swamp:3  | Identified the +3 scale mail of Pandemonium {Drain +Blink
                  | rF++ rC- rCorr Stlth+}
 41765 | Swamp:3  | Noticed Donald
 41782 | Swamp:3  | Killed Donald
 41843 | Swamp:3  | Found a runed translucent door.
 42230 | Swamp:3  | Noticed Jorgrun
 42235 | Swamp:3  | Killed Jorgrun
 42242 | Swamp:3  | Identified the +3 leather armour "Byilyri" {Harm rN++ Int+2
                  | Dex+3}
 42313 | Swamp:3  | Noticed Louise
 42332 | Swamp:3  | Killed Louise
 42494 | Swamp:3  | Noticed Qunad's ghost (adept SpEn)
 42512 | Swamp:3  | Killed Qunad's ghost
 42586 | Swamp:4  | Entered Level 4 of the Swamp
 43070 | Swamp:4  | Reached XP level 21. HP: 165/165 MP: 31/35
 43547 | Swamp:4  | Reached skill level 15 in Spellcasting
 43782 | Swamp:4  | Found a blossoming altar of Fedhas.
 43871 | Swamp:4  | Found a basalt altar of Yredelemnul.
 43885 | Swamp:4  | Got a decaying rune of Zot
 44240 | Swamp:1  | Killed Feimod's ghost
 44557 | Orc:2    | Bought a book of Fire for 660 gold pieces
 44791 | Elf:3    | Bought a +4 ring of slaying for 1248 gold pieces
 45166 | Vaults:1 | Entered Level 1 of the Vaults
 45365 | Vaults:1 | Found Qautrios's Assorted Antiques.
 45382 | Vaults:1 | Reached skill level 15 in Dodging
 45768 | Vaults:1 | Reached skill level 15 in Stealth
 47271 | Vaults:2 | Learned a level 8 spell: Ignition
 47479 | Vaults:2 | Reached skill level 16 in Invocations
 47548 | Vaults:2 | Paralysed by a great orb of eyes for 4 turns
 47717 | Vaults:2 | Reached XP level 22. HP: 149/174 MP: 37/37
 48233 | Vaults:2 | Found Icuxelir's Distillery.
 48239 | Vaults:2 | Bought a potion of heal wounds for 70 gold pieces
 48739 | Vaults:3 | Reached skill level 15 in Fighting
 48739 | Vaults:3 | Reached skill level 15 in Short Blades
 48739 | Vaults:3 | Reached skill level 15 in Long Blades
 48739 | Vaults:3 | Reached skill level 15 in Axes
 48739 | Vaults:3 | Reached skill level 15 in Maces & Flails
 48739 | Vaults:3 | Reached skill level 15 in Polearms
 48739 | Vaults:3 | Reached skill level 15 in Staves
 48739 | Vaults:3 | Reached skill level 15 in Slings
 48739 | Vaults:3 | Reached skill level 15 in Bows
 48739 | Vaults:3 | Reached skill level 15 in Crossbows
 48739 | Vaults:3 | Reached skill level 15 in Throwing
 48739 | Vaults:3 | Reached skill level 15 in Armour
 48739 | Vaults:3 | Reached skill level 15 in Shields
 48739 | Vaults:3 | Reached skill level 15 in Unarmed Combat
 48739 | Vaults:3 | Reached skill level 15 in Evocations
 49230 | Vaults:3 | Found a staircase to the Crypt.
 49264 | Vaults:3 | Cast into level 3 of the Abyss (a wizard)
 49508 | Abyss:3  | Learned a level 4 spell: Passage of Golubria
 49526 | Abyss:3  | Found a corrupted altar of Lugonu.
 49542 | Abyss:3  | Gained mutation: Your magical capacity is very low. (-20%
                  | MP) [a neqoxec]
 49592 | Abyss:4  | Found a basalt altar of Yredelemnul.
 49603 | Abyss:4  | Found a corrupted altar of Lugonu.
 49607 | Abyss:5  | Entered Level 5 of the Abyss
 49932 | Abyss:5  | Reached XP level 23. HP: 125/181 MP: 3/30
 49932 | Abyss:5  | Reached XP level 24. HP: 130/189 MP: 3/30
 49932 | Abyss:5  | Got an abyssal rune of Zot
 50000 | Abyss:5  | Gained mutation: You are occasionally teleported next to
                  | monsters. [a neqoxec]
 50050 | Vaults:3 | Escaped the Abyss
 50609 | Vaults:3 | You fall into a shaft and drop 1 floor!
 51049 | Vaults:4 | Noticed Mara
 51051 | Vaults:4 | Killed Mara
 51725 | Vaults:4 | Found a runed translucent gate.
 51726 | Vaults:4 | Found a runed translucent gate.
 51728 | Vaults:4 | Found a runed translucent gate.
 51751 | Vaults:4 | Found an opulent altar of Gozag.
 51751 | Vaults:4 | Found Uczec's Assorted Antiques.
 51754 | Vaults:4 | Found Kyxaruas's Assorted Antiques.
 51754 | Vaults:4 | Noticed theMacoje's ghost (adept OgEn)
 51795 | Vaults:4 | Killed theMacoje's ghost
 51896 | Vaults:4 | Bought a shiny helmet for 262 gold pieces
 51896 | Vaults:4 | Bought a scroll of magic mapping for 122 gold pieces
 52508 | Vaults:3 | Identified the +5 quarterstaff of Bodily Harmony {freeze,
                  | rF- Will+++ MP-9 Str+6}
 52663 | Vaults:3 | Reached XP level 25. HP: 168/196 MP: 34/34
 52689 | Vaults:3 | Reached skill level 17 in Invocations
 52734 | Vaults:3 | Reached skill level 15 in Ice Magic
 53117 | Vaults:5 | Entered Level 5 of the Vaults
 53192 | Vaults:5 | Noticed a dread lich
 53209 | Vaults:5 | Noticed Boris
 53227 | Vaults:5 | Paralysed by something for 7 turns
 53230 | Vaults:5 | Killed a dread lich
 53251 | Vaults:5 | Killed Boris
 53474 | Vaults:5 | Gained mutation: Your spells are a little easier to cast,
                  | but a little less powerful. [a shining eye]
 53891 | Vaults:5 | Identified the +7 trident "Yqyadyek" {freeze, rPois rC+
                  | Str+7}
 53891 | Vaults:5 | Identified the +8 scimitar of Wondrous Power {pain, Contam
                  | rElec Dex+4}
 53891 | Vaults:5 | Identified the ring "Hadwadd" {Ice rN+ Int+2 Dex-3}
 54842 | Vaults:5 | Found the +6 lightning scales {swift, rElec}
 54852 | Vaults:5 | Identified the +4 mace of Paeviuha {vorpal, rF- rC+ Int+5
                  | Dex+4}
 54854 | Vaults:5 | Got the Collected Works on Feathery Earth
 54857 | Vaults:5 | Got the Guide on Frigorific Confrontation
 54859 | Vaults:5 | Got Bivusogugi's Volume of Stones and Dark Secrets
 54865 | Vaults:5 | Got a silver rune of Zot
 54866 | Vaults:5 | Identified the +10 hunting sling of the King {vorpal, Fly
                  | rF- MP+9}
 55171 | Vaults:4 | Bought a scroll of blinking for 360 gold pieces
 55171 | Vaults:4 | Bought a potion of heal wounds for 240 gold pieces
 55171 | Vaults:4 | Bought a scroll of teleportation for 144 gold pieces
 55476 | Depths:1 | Entered Level 1 of the Depths
 55648 | Depths:1 | Reached XP level 26. HP: 206/206 MP: 9/35
 55784 | Depths:1 | Found Soydas's General Store.
 55789 | Depths:1 | Found Vaunebb's Antique Weapon Boutique.
 56088 | Depths:1 | Found a one-way gate leading to the halls of Pandemonium.
 56168 | Depths:1 | Found Houl Esk's Assorted Antiques.
 56201 | Depths:1 | Found a broken altar of Ashenzari.
 56247 | Depths:1 | Reached skill level 18 in Invocations
 57357 | Depths:2 | Found a one-way gateway to a ziggurat.
 57399 | Depths:2 | Found an opulent altar of Gozag.
 57504 | Depths:2 | Found Gozag's Platinum Reserve.
 57518 | Depths:2 | Noticed Asterion
 57528 | Depths:2 | Killed Asterion
 57535 | Depths:2 | Gained mutation: Your body sometimes deteriorates upon
                  | taking damage. [a cacodemon]
 57741 | Depths:2 | Found Peoseq's Assorted Antiques.
 57791 | Depths:2 | Lost mutation: Your spells are a little easier to cast, but
                  | a little less powerful. [potion of mutation]
 57791 | Depths:2 | Lost mutation: You are occasionally teleported next to
                  | monsters. [potion of mutation]
 57791 | Depths:2 | Lost mutation: Your magical capacity is very low. (-20% MP)
                  | [potion of mutation]
 57791 | Depths:2 | Gained mutation: You have a pair of small horns on your
                  | head. [potion of mutation]
 57792 | Depths:2 | Lost mutation: Your magical capacity is low. (-10% MP)
                  | [potion of mutation]
 57792 | Depths:2 | Lost mutation: You have a pair of small horns on your head.
                  | [potion of mutation]
 57792 | Depths:2 | Lost mutation: Your body sometimes deteriorates upon taking
                  | damage. [potion of mutation]
 57792 | Depths:2 | Gained mutation: Your flesh is heat resistant. (rF+)
                  | [potion of mutation]
 57792 | Depths:2 | Gained mutation: Your mind is acute. (Int +2) [potion of
                  | mutation]
 57792 | Depths:2 | Lost mutation: Your mind is acute. (Int +2) [potion of
                  | mutation]
 58334 | Depths:2 | Identified the +7 chain mail of Xulell {rC+}
 58911 | Depths:3 | Found a one-way gate to the infinite horrors of the Abyss.
 59012 | Depths:3 | Reached skill level 19 in Invocations
 59212 | Depths:3 | Noticed Margery
 59226 | Depths:3 | Killed Margery
 59612 | Depths:4 | Entered Level 4 of the Depths
 59612 | Depths:4 | Found Onkuyf's Weapon Boutique.
 59969 | Depths:4 | Found Niawug's Assorted Antiques.
 60130 | Depths:4 | Found Qiumer's Antique Weapon Boutique.
 60268 | Depths:4 | Reached XP level 27. HP: 155/214 MP: 28/44
 60477 | Depths:4 | Found a gate to the Realm of Zot.
 60715 | Depths:4 | Found Yvuj's Jewellery Emporium.
 61345 | Crypt:1  | Entered Level 1 of the Crypt
 61539 | Crypt:1  | Noticed Sojobo
 61553 | Crypt:1  | Paralysed by an air elemental for 1 turns
 61563 | Crypt:1  | Killed Sojobo
 62103 | Crypt:1  | Noticed Boris
 62131 | Crypt:1  | Killed Boris
 62463 | Crypt:1  | Found an ancient bone altar of Kikubaaqudgha.
 62887 | Crypt:2  | Reached skill level 20 in Invocations
 63428 | Crypt:2  | Noticed Boris
 63455 | Crypt:2  | Killed Boris
 63646 | Crypt:3  | Entered Level 3 of the Crypt
 63683 | Crypt:3  | Noticed a dread lich
 63691 | Crypt:3  | Paralysed by a dread lich for 5 turns
 63696 | Crypt:3  | Killed a dread lich
 63925 | Crypt:3  | Reached skill level 15 in Conjurations
 63925 | Crypt:3  | Reached skill level 15 in Hexes
 63925 | Crypt:3  | Reached skill level 15 in Summonings
 63925 | Crypt:3  | Reached skill level 15 in Necromancy
 63925 | Crypt:3  | Reached skill level 15 in Translocations
 63925 | Crypt:3  | Reached skill level 15 in Transmutations
 63925 | Crypt:3  | Reached skill level 15 in Fire Magic
 63925 | Crypt:3  | Reached skill level 15 in Air Magic
 63925 | Crypt:3  | Reached skill level 15 in Earth Magic
 63925 | Crypt:3  | Reached skill level 15 in Poison Magic
 63988 | Crypt:3  | Found a staircase to the Tomb.
 64797 | Crypt:3  | Found a basalt altar of Yredelemnul.
 65212 | Crypt:3  | Identified the +0 ring mail "Vugai" {rN+ Will+ Str-3}
 65929 | Zot:1    | Entered Level 1 of the Realm of Zot
 66342 | Zot:1    | Noticed an orb of fire
 66366 | Zot:1    | Gained mutation: Potions are less effective at restoring
                  | your health. [an orb of fire]
 66373 | Zot:1    | Gained mutation: Your spells are a little easier to cast,
                  | but a little less powerful. [an orb of fire]
 66378 | Zot:1    | Gained mutation: You do not regenerate when monsters are
                  | visible. [an orb of fire]
 66387 | Zot:1    | Gained mutation: You are weak. (Str -2) [an orb of fire]
 66388 | Zot:1    | Killed an orb of fire
 66421 | Zot:1    | Reached skill level 21 in Invocations
 66423 | Zot:1    | HP: 6/217 [something/bolt of cold (49)]
 66423 | Zot:1    | Killed from afar by a black draconian knight

Illustrated notes

Levels and vault maps discovered:
D:1:      sevenhm_arrival_forest_fort_small_3, layout_basic, serial_shops, shop,
          hellmonk_ecumenical_altar_leap_of_faith
D:2:      layout_basic, uniq_crazy_yiuf_cottage, uniq_jessica
D:3:      layout_rooms, zin_angel
D:4:      layout_loops_ring, uniq_eustachio, uniq_edmund
D:5:      layout_basic, minmay_temple_entry_poolview
D:6:      corexii_shack_village, layout_rooms
D:7:      layout_basic, chequers_serial_rivers_micro_b, minmay_statues_item,
          minivault_22, minmay_misc_feat_rugged, uniq_menkaure, uniq_pikel
D:8:      layout_loops_ring, dk_vineyard_2, minmay_shattered_shrine,
          uniq_amaemon
D:9:      layout_rooms, erik_lair_dragon, orc_0_dummy
D:10:     layout_basic, chei_slow_surprise,
          mainiacjoe_overflow_concentric_impassable, led_sif_book, jiyva_altar_1
D:11:     layout_long_grid, kennysheep_generic_room_7
D:12:     layout_basic, serial_shops, nicolae_take_the_stairs,
          minmay_shop_mayhem, nemelex_lonely_heart_becter
D:13:     minmay_big_diamond_grid, layout_basic, erik_vaults_2, special_room
          [special_room_orc], kennysheep_island_fort
D:14:     layout_loops_ring, gammafunk_ghost_necromancy, st_stairs_14
D:15:     gammafunk_enter_depths_forms, layout_irregular_city, serial_glass,
          glass_columns_a, glass_columns_b, glass_columns_b, glass_columns_a,
          glass_columns_a, glass_columns_b, enter_trove_6,
          hangedman_abyss_or_decor_clamps
Temple:   regret_index_temple_mists
Lair:1:   dpeg_oklob_gauntlet, layout_regular_city,
          chequers_serial_rivers_small_a, grunt_megastairs_1,
          serial_bayou_shore_a, lemuel_fruit_fields, lemuel_fruit_tree,
          uniq_gastronok, uniq_grum, uniq_joseph
Lair:2:   layout_chaotic_city, lemuel_fruit_fields
Lair:3:   layout_hall_layers, special_room [special_room_bee],
          cheibrodos_lair_caveside_slide, lemuel_fruit_fields
Lair:4:   layout_cave_pods, palyth_hydra_swamp_entry, spider_nest_entry_rubble,
          basic_altar, chequers_serial_rivers_small_a, roderic_carrion_pond
Lair:5:   layout_roguey, slime_dummy, lemuel_fruit_fields, serial_bayou_shore_b
Lair:6:   evil_forest, layout_loops_ring, chequers_serial_rivers_small_3
Swamp:1:  layout_basic_swamp, ebering_ghost_reflecting_pool, serial_swamp_ruin,
          evilmike_swamp_ruin_house_4, evilmike_swamp_ruin_rubble_2,
          swamp_pool1, nicolae_swamp_alligator_family
Swamp:2:  layout_falls_marsh, portal_ice_cave_entry_pillars_four,
          nicolae_swamp_very_dense_foliage, nicolae_swamp_bloodsuckers_inc,
          infiniplex_staircase_pool, uniq_nikola
Swamp:3:  layout_falls_marsh, ebering_ghost_reflecting_pool,
          nicolae_swamp_big_swirl, swamp_pool1, uniq_louise, uniq_jorgrun,
          uniq_donald
Swamp:4:  byrel_swamp_growth_death_and_undeath, layout_basic_swamp,
          infiniplex_staircase_pool_2
Spider:1: layout_spider_delve, uniq_agnes
Spider:2: layout_spider_delve, uniq_frances
Spider:3: layout_chambers, nicolae_spider_rock_and_or_roll
Spider:4: hellmonk_spider_rune_endless_swarm
Orc:1:    layout_caves
Orc:2:    kennysheep_orc_mage_school, layout_caves, basic_altar
Elf:1:    eino_elf_arrival_sip, layout_gridlike, minmay_elf_sorcery,
          nicolae_shop_dragon_depot, nicolae_elf_blasts_and_bolts,
          lemuel_upstairs_altar
Elf:2:    nicolae_elf_blades_crystal_corner, layout_rooms, guppyfry_elf_castle,
          uniq_aizul, uniq_roxanne
Elf:3:    minmay_elf_hall_spiked, layout_geoelf_castle, minmay_shop_grove,
          uniq_bai_suzhen
Vaults:1: hangedman_vaults_nodes, v_misc_22, vaults_room_grunt_arrival_ludios,
          vaults_room_glass_cross, v_misc_13, nicolae_vaults_mini_display_case,
          ontoclasm_vaults_decontamination, layout_vaults_chaotic_city,
          serial_shops, shop
Vaults:2: ontoclasm_vaults_twist, v_pattern_2, vaults_room_boxed, st_diamondy,
          vaults_mumra_minichess_inversion, v_misc_8,
          nicolae_vaults_network_quinsquares
          [nicolae_vaults_network_quincunx_subvault,
          nicolae_vaults_network_quincunx_subvault,
          nicolae_vaults_network_quincunx_subvault,
          nicolae_vaults_network_quincunx_subvault], v_misc_9, v_misc_26,
          layout_vaults_maze_snakey, serial_shops, shop
Vaults:3: minmay_crypt_entry_simple_plaza, vaults_mumra_hexcomb,
          v_alt_pattern_3, nicolae_vaults_little_squares_1, v_misc_29,
          v_alt_pattern_2, hangedman_vaults_trim, vaults_room_semicircle,
          hangedman_vaults_cutoff, nicolae_vaults_asterisk,
          nicolae_vaults_windows_and_doors_thing, ontoclasm_vaults_water_temple,
          vaults_dpeg_ring, layout_vaults_omnibox
Vaults:4: ebering_ghost_gozag, nicolae_vaults_ninety_degrees, vaults_mumra_lcd,
          v_misc_23, v_misc_14, hangedman_vaults_slice,
          nicolae_vaults_network_square, vaults_mumra_chevron_long,
          hangedman_vaults_snaps, grunt_vaults_hallway_long,
          ontoclasm_vaults_chip, nicolae_vaults_three_branches,
          nicolae_vaults_angled_halls, nicolae_vaults_diagonal_hallway_6,
          ontoclasm_vaults_pinch, layout_vaults_big_cross, uniq_mara
Vaults:5: uniq_boris
Crypt:1:  layout_gridlike, lemuel_mausoleum_altar_kikubaaqudgha, uniq_sojobo
Crypt:2:  layout_regular_city, item_on_display_a, grunt_megastairs_3
Crypt:3:  due_elkab, layout_chaotic_city, basic_altar, item_on_display_a
Depths:1: layout_cave_shapes, pf_hell_entry_great_geh, serial_shops,
          nicolae_shop_advertising_works [nicolae_subvault_shop_adworks],
          nicolae_wwwww, pan_entry, chequers_serial_rivers_micro_c,
          nicolae_ashenzari_panopticon, minmay_shop_star
Depths:2: evilmike_marble_ring, layout_cave_shapes, enter_ziggurat_b,
          hell_entry, rand_demon_pan_entry_1, serial_shops,
          nicolae_shop_behind_doors, nicolae_gozag_zags_fifth_avenue,
          serial_bayou_lake_a, uniq_asterion
Depths:3: nicolae_hexawheel, layout_twisted_cross, minmay_misc_feat_diagonals,
          hell_entry, abyss_entry, rand_demon_pan_entry_7, uniq_margery
Depths:4: grunt_zot_entry_gee_three, layout_gridlike, serial_shops, shop,
          nicolae_shop_waterfront, nicolae_inconvenience_store,
          nicolae_shop_bloodbath_and_beyond, hell_entry, serial_rivers,
          chequers_serial_rivers_small_3, chequers_serial_rivers_large_b,
          chequers_serial_rivers_small_b, chequers_serial_rivers_micro_e,
          chequers_serial_rivers_marsh, minmay_misc_feat_tiny
Zot:1:    kennysheep_blocky_room, layout_basic, nicolae_transmutations_shop

Skill      XL: |  1  2  3  4  5  6  7  8  9 10 11 12 13 14 15 16 17 18 19 20 21 22 23 24 25 26 27 |
---------------+----------------------------------------------------------------------------------+-----
Spellcasting   | 5 6 7 8 9 10 11 12 13 14 15 16 17 18 | 18.5
Invocations    | 1 2 3 4 5 6 7 8 9 10 11 12 13 14 15 16 17 19 21 | 21.0
Fighting       | 1 2 3 4 5 6 7 8 9 10 11 12 13 14 15 16 17 | 17.9
Short Blades   | 1 2 3 4 5 6 7 8 9 10 11 12 13 14 15 16 17 | 17.9
Long Blades    | 1 2 3 4 5 6 7 8 9 10 11 12 13 14 15 16 17 | 17.9
Axes           | 1 2 3 4 5 6 7 8 9 10 11 12 13 14 15 16 17 | 17.9
Maces & Flails | 1 2 3 4 5 6 7 8 9 10 11 12 13 14 15 16 17 | 17.9
Polearms       | 1 2 3 4 5 6 7 8 9 10 11 12 13 14 15 16 17 | 17.9
Staves         | 1 2 3 4 5 6 7 8 9 10 11 12 13 14 15 16 17 | 17.9
Slings         | 1 2 3 4 5 6 7 8 9 10 11 12 13 14 15 16 17 | 17.9
Bows           | 1 2 3 4 5 6 7 8 9 10 11 12 13 14 15 16 17 | 17.9
Crossbows      | 1 2 3 4 5 6 7 8 9 10 11 12 13 14 15 16 17 | 17.9
Throwing       | 1 2 3 4 5 6 7 8 9 10 11 12 13 14 15 16 17 | 17.9
Armour         | 1 2 3 4 5 6 7 8 9 10 11 12 13 14 15 16 17 | 17.9
Shields        | 1 2 3 4 5 6 7 8 9 10 11 12 13 14 15 16 17 | 17.9
Unarmed Combat | 1 2 3 4 5 6 7 8 9 10 11 12 13 14 15 16 17 | 17.9
Evocations     | 1 2 3 4 5 6 7 8 9 10 11 12 13 14 15 16 17 | 17.9
Conjurations   | 1 2 3 4 5 6 7 8 9 10 11 12 13 14 15 | 15.3
Hexes          | 1 2 3 4 5 6 7 8 9 10 11 12 13 14 15 | 15.3
Summonings     | 1 2 3 4 5 6 7 8 9 10 11 12 13 14 15 | 15.3
Necromancy     | 1 2 3 4 5 6 7 8 9 10 11 12 13 14 15 | 15.3
Translocations | 1 2 3 4 5 6 7 8 9 10 11 12 13 14 15 | 15.3
Transmutations | 1 2 3 4 5 6 7 8 9 10 11 12 13 14 15 | 15.3
Fire Magic     | 1 2 3 4 5 6 7 8 9 10 11 12 13 14 15 | 15.3
Air Magic      | 1 2 3 4 5 6 7 8 9 10 11 12 13 14 15 | 15.3
Earth Magic    | 1 2 3 4 5 6 7 8 9 10 11 12 13 14 15 | 15.3
Poison Magic   | 1 2 3 4 5 6 7 8 9 10 11 12 13 14 15 | 15.3
Dodging        | 5 6 7 8 9 10 11 12 13 14 15 16 17 18 | 18.4
Stealth        | 5 6 7 8 9 10 11 12 13 14 15 16 17 18 | 18.3
Ice Magic      | 8 9 10 11 12 13 14 15 16 | 16.7

Action                   |  1- 3 |  4- 6 |  7- 9 | 10-12 | 13-15 | 16-18 | 19-21 | 22-24 | 25-27 || total
-------------------------+-------+-------+-------+-------+-------+-------+-------+-------+-------++-------
Melee: Unarmed           |    18 |       |       |       |       |       |       |       |       ||    18
       Bite              |     9 |    13 |    18 |    57 |   181 |   223 |   621 |   410 |   760 ||  2292
       Staff             |    22 |   104 |   145 |       |       |       |       |     2 |       ||   273
       Dagger            |     8 |       |       |       |       |       |       |       |       ||     8
       Short sword       |     1 |       |     1 |       |       |       |       |       |       ||     2
       Dire flail        |       |       |    10 |       |       |       |       |       |       ||    10
       Punch             |       |       |     5 |    31 |    49 |       |       |       |       ||    85
       Trident           |       |       |    93 |   479 |    69 |       |       |       |       ||   641
       Demon whip        |       |       |       |    27 |   899 |  1099 |   400 |       |       ||  2425
       Quick blade       |       |       |       |       |       |   145 |  2722 |  1550 |  3064 ||  7481
Throw: Javelin           |       |       |       |       |       |     6 |    11 |     5 |     4 ||    26
 Cast: Freeze            |    34 |    15 |     8 |       |       |       |       |       |       ||    57
       Ozocubu's Armour  |     1 |     7 |    12 |    22 |    30 |    28 |     4 |       |     1 ||   105
       Frozen Ramparts   |     1 |     6 |    15 |    32 |    41 |    28 |     8 |       |     1 ||   132
       Blink             |       |       |     1 |     4 |     4 |     6 |    11 |     2 |     3 ||    31
       Irradiate         |       |       |       |       |     2 |    41 |    52 |    28 |    52 ||   175
       Manifold Assault  |       |       |       |       |       |     7 |       |       |       ||     7
       Statue Form       |       |       |       |       |       |     2 |    33 |    10 |    37 ||    82
       Borgnjor's Vile C |       |       |       |       |       |       |    12 |     6 |    15 ||    33
       Apportation       |       |       |       |       |       |       |     4 |     1 |       ||     5
       Ignition          |       |       |       |       |       |       |       |       |    35 ||    35
       Passage of Golubr |       |       |       |       |       |       |       |       |     1 ||     1
Invok: Slouch            |       |       |       |       |     7 |    13 |     4 |     1 |     1 ||    26
       Temporal Distorti |       |       |       |       |     3 |     3 |     1 |       |     1 ||     8
       Step From Time    |       |       |       |       |       |       |     3 |       |     1 ||     4
Evoke: Wand              |       |       |       |    13 |     5 |    32 |     1 |     1 |     3 ||    55
       Lightning rod     |       |       |       |       |     4 |     6 |       |       |       ||    10
       Tin of tremorston |       |       |       |       |       |     8 |     3 |     2 |     3 ||    16
       Phial of floods   |       |       |       |       |       |     1 |       |       |       ||     1
       Condenser vane    |       |       |       |       |       |       |     1 |     1 |     3 ||     5
       Box of beasts     |       |       |       |       |       |       |       |     1 |     1 ||     2
  Use: Scroll            |       |     9 |     5 |     8 |    11 |    12 |     8 |     4 |     7 ||    64
       Potion            |       |       |       |     2 |     1 |     9 |     2 |     1 |     8 ||    23
 Stab: Sleeping          |     3 |     2 |    11 |     6 |    33 |    32 |    24 |     5 |    26 ||   142
       Paralysed         |       |       |       |    12 |       |       |       |       |       ||    12
       Distracted        |       |       |       |     2 |     2 |     8 |     3 |     2 |     6 ||    23
       Invisible         |       |       |       |       |       |     2 |   117 |    31 |    40 ||   190
Armor: Robe              |    16 |    36 |    65 |       |       |       |       |       |       ||   117
       Leather armour    |       |       |    27 |   148 |       |       |       |       |       ||   175
       Troll leather arm |       |       |       |    53 |   366 |   132 |       |       |       ||   551
       Skin              |       |       |       |     5 |       |     7 |   266 |   110 |   359 ||   747
       Pearl dragon scal |       |       |       |       |       |   150 |   458 |   202 |   289 ||  1099
Dodge: Dodged            |    47 |   102 |   166 |   328 |   820 |   633 |  2262 |  1032 |  1841 ||  7231
Block: Buckler           |       |       |       |       |   131 |   318 |  1046 |       |       ||  1495
       Kite shield       |       |       |       |       |       |       |   182 |  1037 |  1714 ||  2933
       Reflection        |       |       |       |       |       |       |       |    51 |    16 ||    67

Table legend: (Time is in decaauts)
 A = Elapsed time spent in this place.
 B = Non-inter-level travel time spent in this place.
 C = Inter-level travel time spent in this place.
 D = Time resting spent in this place.
 E = Time spent auto-exploring this place.
 F = Levels seen in this place.
 G = Mean time per level.
                   A        B        C        D        E       F      G
               +--------+--------+--------+--------+--------+-----+--------+
         Total |  94212 |  81670 |  12542 |    997 |  62926 |  53 | 1777.6 |
       Dungeon |  24044 |  19809 |   4235 |     63 |  16164 |  15 | 1602.9 |
        Temple |    214 |    188 |     26 |      0 |    171 |   1 |  214.0 |
          Lair |  11257 |   9479 |   1778 |    242 |   7581 |   6 | 1876.2 |
         Swamp |   6434 |   5993 |    441 |    112 |   4512 |   4 | 1608.5 |
   Spider Nest |   8797 |   7880 |    917 |    152 |   6185 |   4 | 2199.2 |
  Orcish Mines |   3848 |   2662 |   1186 |     82 |   1971 |   2 | 1924.0 |
   Elven Halls |   7977 |   6606 |   1371 |    198 |   4808 |   3 | 2659.0 |
        Vaults |  13844 |  12456 |   1388 |     87 |   9754 |   5 | 2768.8 |
         Crypt |   5888 |   5692 |    196 |      0 |   4200 |   3 | 1962.7 |
        Depths |   8875 |   7875 |   1000 |     60 |   6278 |   4 | 2218.8 |
           Zot |    643 |    643 |      0 |      0 |    395 |   1 |  643.0 |
         Abyss |   1011 |   1011 |      0 |      0 |     93 |   3 |  337.0 |
         Trove |    110 |    110 |      0 |      0 |     55 |   1 |  110.0 |
      Ice Cave |   1263 |   1263 |      0 |      0 |    753 |   1 | 1263.0 |
               +--------+--------+--------+--------+--------+-----+--------+

Top non-repeatable levels by time:
Vaults:5: 2986 daAuts
Vaults:4: 2980 daAuts
Spider:1: 2945 daAuts
   Elf:3: 2896 daAuts
Depths:2: 2856 daAuts
Vaults:3: 2846 daAuts
    D:13: 2842 daAuts
   Orc:2: 2841 daAuts
Spider:3: 2815 daAuts
  Lair:4: 2597 daAuts
 Crypt:3: 2589 daAuts
   Elf:2: 2586 daAuts
Vaults:1: 2573 daAuts
     D:9: 2501 daAuts
   Elf:1: 2493 daAuts
